[Event "Early-Titled-Tuesday-Blitz-February-20-2024"]
[Site "Chess.com"]
[Date "2024.02.20"]
[Round "5"]
[White "LikeWater"]
[Black "dropstoneDP"]
[Result "1/2-1/2"]
[WhiteElo "2742"]
[BlackElo "3020"]
[TimeControl "180+1"]
[EndTime "9:00:05 PST"]
[Termination "Game drawn by 50-move rule"]

1. e4 e5 2. Nf3 Nf6 3. Nc3 Nc6 4.
d4 exd4 5. Nxd4 Bb4 6. Nxc6 bxc6 7. Bd3 O-O 8. O-O d5 9. exd5 cxd5 10. Bg5 c6 11.
Qf3 Bd6 12. h3 h6 13. Bxf6 Qxf6 14. Qxf6 gxf6 15. Ne2 Be5 16. Rab1 c5 17. b3 Be6 18.
f4 Bc7 19. Ng3 c4 20. Be2 Rac8 21. Nh5 Bb6+ 22. Kh1 cxb3 23. Nxf6+ Kg7 24. Nh5+ Kh8 25. cxb3 Rc2 26. f5 Bc8 27. Bf3 Bxf5 28. Bxd5 Bd3 29. Rf3 Rd2 30. Re1 Be2 31. Rxf7 Rxf7 32. Bxf7 Rxa2 33. Nf4 Bb5 34. Be8 Bxe8 35. Rxe8+ Kg7 36. Re7+ Kg8 37. Nd5 Ra1+ 38. Kh2 Bg1+ 39. Kg3 Rb1 40. Rb7 Bb6 41. Kg4 Rxb3 42. Kf5 Rg3 43. Ke6 Bd4 44. Ne7+ Kh8 45. Rb8+ Kh7 46. Nf5 Rg6+ 47. Kd5 Bg7 48. Rb7 Rxg2 49. Rxa7 Rg5 50. Ke4 Rg6 51. h4 Rg4+ 52. Kf3 Rg1 53. Kf2 Rg4 54. Kf3 Rg1 55. h5 Rg5 56. Kf4 Kg8 57. Ra8+ Bf8 58. Nxh6+ Kh7 59. Kxg5 Bxh6+ 60. Kg4 Be3 61. Rd8 Bc1 62.
Rd7+ Kh6 63. Rd6+ Kh7 64. Kf5 Be3 65. Re6 Bd2 66. Rd6 Bc1 67. Rd1 Be3 68. Ke4 Bg5 69.
Rg1 Kh6 70. Kf5 Bd2 71. Kg4 Be3 72. Rb1 Kh7 73. Rb3 Bd2 74. Rb6 Bc1 75. Ra6 Bd2 76. Kf5 Bc1 77. Rg6 Bd2 78. Ke4 Bc1 79. Kd3 Bf4 80.
Ke2 Bc1 81. Kf1 Bd2 82. Kg2 Bc1 83. Kh3 Bd2 84. Kh4 Bc1 85. Rd6 Be3 86. Rd7+ Kh6 87. Rc7 Bd2 88. Kg4 Be3 89. Rc8 Kh7 90. Kf5 Bd2 91. Kf6 Be3 92. Rc7+ Kh6 93. Rc8 Kxh5 94. Kf5 Kh4 95. Rg8 Kh3 96. Ke4 Bb6 97. Kf3 Kh2 98.
Rh8+ Kg1 99. Rh6 Bc5 100. Rc6 Ba7 101. Kg3 Kh1 102. Rc1+ Bg1 103. Rc2 Ba7 104. Kh3 Kg1 105. Rc7 Bb6 106. Rc1+ Kf2 107. Rc3 Ke2 108. Kg3 Kf1 109. Kf3 Kg1 110. Rb3 Bc5 111. Rd3 Kh2 112. Rd1 Bb6 113.
Rb1 Bc5 114. Kg4 Kg2 115. Rb2+ Kh1 116. Kh3 Bd4 117. Rb8 Bc5 118. Rc8 Bd4 119. Kg3 Bb6 120. Kf3 Bd4 121. Rg8 Bc5 122. Ke2 Bd4 123. Kf1 Kh2 124. Rg4 Bc5 125. Rg5 Bd4 126. Ke2 Bb6 127. Rh5+ Kg3 128. Rh6 Bc5 129. Rh5 Bd4 130. Rd5 Bf6 131. Rd6 Be5 132. Rg6+ Kf4 133. Kd3 Kf5 134. Rg1 Bf6 135. Rf1+ Ke5 136. Re1+ Kf5 137. Rf1+ Ke5 138. Kc4 Bg5 139. Re1+ Kf5 140. Kd5 Kf4 141. Rf1+ Ke3 142. Ke5 Kd3 143. Rf3+ Kc4 1/2-1/2

[Event "Early-Titled-Tuesday-Blitz-February-20-2024"]
[Site "Chess.com"]
[Date "2024.02.20"]
[Round "5"]
[White "maciek_92"]
[Black "BogdanDeac"]
[Result "0-1"]
[WhiteElo "2810"]
[BlackElo "3046"]
[TimeControl "180+1"]
[EndTime "9:01:24 PST"]
[Termination "BogdanDeac won on time"]

1. c4 e6 2. Nf3 d5 3. e3 Nf6 4. b3 b6 5. Bb2 Bb7 6. Nc3 Nbd7 7. d4 a6 8. Bd3 Bd6 9. O-O O-O 10. Qe2 dxc4 11. bxc4 c5 12. Rfd1 cxd4 13. exd4 Qc7 14. h3 Rfe8 15. Ne4 Nxe4 16. Bxe4 Bxe4 17.
Qxe4 Qxc4 18. Rac1 Qxa2 19. Ba1 Qd5 20. Qc2 b5 21.
Nd2 Nf6 22. Nf1 Bf4 23. Rb1 Rac8 24. Qd3 Bd6 25. Qd2 Qe4 26. Qa5 Qb7 27. d5 Nxd5 28. Nd2 Qb6 29. Qa2 Nc3 30. Bxc3 Rxc3 31. Nc4 Rxc4 32. Qxc4 Bc5 33. Qc2 Rc8 34. Rbc1 h6 35. Qe2 b4 36. Kf1 b3 37. Rd3 a5 38. Rdc3 a4 39.
Qc4 b2 40. Rb1 a3 41. Rxa3 Rd8 42. Ra6 Qb4 43. Qxb4 Bxb4 44. Rxb2 Bc3 45. Rc2 Bf6 46. g3 g6 47. Kg2 Rd7 48. Ra8+ Kh7 49. h4 h5 50. Kf3 Be5 51. Ke4 Bf6 52. Ke3 Bd4+ 53. Kf3 Bf6 54. Rc5 Kg7 55. Rb5 Rd3+ 56. Ke2 Rd7 57. Ra3 Be7 58. Rab3 Bf6 59. R5b4 Rc7 60.
Re4 Rc2+ 61. Kf1 Rc7 62. Rd3 Be7 63. Kg2 Rb7 64. f3 Rb2+ 65. Kh3 Rb7 66. Rc4 Bf6 67. g4 hxg4+ 68. fxg4 Be7 69. g5 Bf8 70. Rc8 Be7 71.
Rdc3 Bd6 72. Rd8 Be5 73. Re3 Bb2 74. Kg3 Kh7 75. Kf3 Bg7 76. Red3 Re7 77. Ke4 Rb7 78.
Kf3 Re7 79. Kg3 Rb7 80. Rf3 Be5+ 81. Kh3 Kg7 82. Re3 Bb2 83. Red3 Ba1 84. R3d7 Rxd7 85. Rxd7 Be5 86. Kg4 Bb2 87. Rb7 Be5 88. Kf3 Ba1 89.
Ke4 Kf8 90. Rb3 Ke7 91. Ra3 Bg7 92. Ra7+ Kf8 93. Kd3 Be5 94. Ra4 Bg3 95. Ke3 Ke7 96. Kf3 Be5 97. Ra7+ Ke8 98. Kg4 Bc3 99. Rb7 Kf8 100.
h5 gxh5+ 101. Kxh5 Be5 102. Kg4 Bc3 103. Rb6 Bd4 104. Rc6 Ke7 105. Rc7+ Ke8 106. Kf4 Bb2 107. Rb7 Bd4 108.
Ke4 Bc3 109. Kd3 Be5 110. Kc4 Bf4 111. Rb5 Kf8 112. Kd4 Kg7 113. Ke4 Bc1 114. Kf3 Bd2 115. Kg4 Be3 116. Re5 Bd2 117. Re2 Bc1 118. Kh5 Kf8 119. Rc2 Be3 120. Rc8+ Ke7 121. Rh8 Bd4 122. Rb8 Be5 123. Rb7+ Kf8 124. Kh6 Bf4 125. Ra7 Ke8 126. Ra4 Bd2 127. Rd4 Be3 128. Re4 Bc1 129. Re1 Bf4 130. Rf1 Be3 131. Rf3 Bd2 132. Rb3 Ke7 133. Rb7+ Ke8 134. Kg7 Bxg5 135. Rxf7 Be7 136. Rf2 e5 137. Re2 Bd6 138. Kf6 Kd7 139. Rd2 Kc6 140. Ke6 Bc7 141. Rc2+ Kb7 142. Kd7 Bb6 143. Rb2 e4 144. Kd6 e3 145. Kd7 Ka7 146. Kc6 Bd4 147. Ra2+ Kb8 148. Kd5 Bb6 149. Kc6 Bd4 150. Rg2 Ka8 151. Kd5 Bb6 152. Ke4 Kb7 153. Kd5 Ba7 154. Rg7+ Ka6 155. Re7 Bb6 156. Kc4 Ba7 157. Re6+ Bb6 158. Kb4 Kb7 159. Kb5 Bd4 160. Re7+ Kb8 161. Kc6 Ka8 162. Rb7 Bc3 163. Re7 Bd4 164. Kd5 Bb6 0-1

[Event "Early-Titled-Tuesday-Blitz-February-20-2024"]
[Site "Chess.com"]
[Date "2024.02.20"]
[Round "6"]
[White "Anton_Demchenko"]
[Black "LikeWater"]
[Result "1-0"]
[WhiteElo "2913"]
[BlackElo "2738"]
[TimeControl "180+1"]
[EndTime "9:03:17 PST"]
[Termination "Anton_Demchenko won by checkmate"]

1. e4 e6 2. d4 b6 3. Bd3 Bb7 4. Ne2 c5 5. c3 d5 6. e5 f5 7.
Nf4 Qd7 8. O-O Nh6 9. Nd2 Nf7 10.
Nf3 Be7 11. Bxf5 exf5 12. e6 Qc7 13. exf7+ Kxf7 14. Ne5+ Kg8 15. Qh5 Nc6 16. Qf7# 1-0

[Event "Early-Titled-Tuesday-Blitz-February-20-2024"]
[Site "Chess.com"]
[Date "2024.02.20"]
[Round "6"]
[White "mortngabriel"]
[Black "Aygehovit1992"]
[Result "1/2-1/2"]
[WhiteElo "2535"]
[BlackElo "2677"]
[TimeControl "180+1"]
[EndTime "9:03:48 PST"]
[Termination "Game drawn by repetition"]

1. d4 Nf6 2. Nf3 e6 3. c4 b6 4. e3 Bb7 5. Bd3 c5 6. O-O Be7 7. Nc3 d5 8. cxd5 Nxd5 9. Nxd5 exd5 10. Ne5 O-O 11. Qh5 g6 12. Nxg6 fxg6 13. Bxg6 hxg6 14. Qxg6+ Kh8 15. Qh6+ Kg8 16. Qg6+ Kh8 17. Qh6+ Kg8 18. Qg6+ 1/2-1/2

[Event "Early-Titled-Tuesday-Blitz-February-20-2024"]
[Site "Chess.com"]
[Date "2024.02.20"]
[Round "6"]
[White "arturdailima"]
[Black "DefiantChair"]
[Result "0-1"]
[WhiteElo "2378"]
[BlackElo "2578"]
[TimeControl "180+1"]
[EndTime "9:04:12 PST"]
[Termination "DefiantChair won by resignation"]

1. e4 c5 2. Nc3 d6 3. Nf3 Nf6 4.
d4 cxd4 5. Nxd4 a6 6. Rg1 e5 7.
Nb3 Be6 8. g4 d5 9. exd5 Nxd5 10. Nxd5 Qxd5 11. Qxd5 Bxd5 12. Be3 Nd7 13. O-O-O Bf3 14.
Rd2 Be7 15. Rg3 Bc6 16. Bg2 Nf6 17. Bxc6+ bxc6 18. Rg1 Nd5 19. Bc5 Bg5 0-1

[Event "Early-Titled-Tuesday-Blitz-February-20-2024"]
[Site "Chess.com"]
[Date "2024.02.20"]
[Round "6"]
[White "wild3000"]
[Black "Zavgorodniy_Sergiy"]
[Result "0-1"]
[WhiteElo "2426"]
[BlackElo "2621"]
[TimeControl "180+1"]
[EndTime "9:04:28 PST"]
[Termination "Zavgorodniy_Sergiy won by resignation"]

1. d4 d5 2. Nf3 Nf6 3. g3 e6 4. Bg2 Be7 5. O-O O-O 6. b3 b6 7. Bb2 Bb7 8. c4 Nbd7 9. Nc3 c5 10. cxd5 Nxd5 11. Nxd5 Bxd5 12. dxc5 Nxc5 13. Ne5 Bxg2 14. Kxg2 Qc7 15. Rc1 Qb7+ 16. f3 Rfd8 17. Qc2 Rac8 18. Rfd1 Nd3 19. Qxc8 Rxc8 20. Rxc8+ Qxc8 21. Nxd3 Qc2 22. Kf1 Qxd1+ 0-1

[Event "Early-Titled-Tuesday-Blitz-February-20-2024"]
[Site "Chess.com"]
[Date "2024.02.20"]
[Round "6"]
[White "ninguno46"]
[Black "Korchmar_Vasiliy"]
[Result "0-1"]
[WhiteElo "2544"]
[BlackElo "2763"]
[TimeControl "180+1"]
[EndTime "9:04:33 PST"]
[Termination "Korchmar_Vasiliy won by resignation"]

1. e4 c5 2. Nc3 d6 3. f4 Nc6 4. Nf3 Bd7 5. Bb5 e6 6. O-O Nf6 7. d3 Be7 8. Bxc6 Bxc6 9. Qe2 O-O 10.
e5 Nd5 11. Ne4 f5 12. exf6 Bxf6 13. c4 Ne7 14. Nxf6+ Rxf6 15. Bd2 Nf5 16. Bc3 Rg6 17. Rae1 Nh4 18. Nxh4 Qxh4 19. Rf2 Rf8 20. Qe3 Rf5 21. Ree2 Rh5 22. g3 Rxg3+ 0-1

[Event "Early-Titled-Tuesday-Blitz-February-20-2024"]
[Site "Chess.com"]
[Date "2024.02.20"]
[Round "6"]
[White "MasterofMasters2006"]
[Black "m_ezat"]
[Result "0-1"]
[WhiteElo "2291"]
[BlackElo "2520"]
[TimeControl "180+1"]
[EndTime "9:04:44 PST"]
[Termination "m_ezat won by resignation"]

1. d4 Nf6 2. c4 d6 3. Nc3 g6 4. e4 Bg7 5. f3 O-O 6. Be3 Nc6 7. d5 Ne5 8. Qd2 c5 9. O-O-O a6 10. g4 b5 11. cxb5 axb5 12. Bxb5 Ba6 13. Bxa6 Rxa6 14.
Qe2 Qa8 15. h4 h5 16. gxh5 Nxh5 17. f4 Ng3 18. Qf2 Nxh1 19. Qg2 Nc4 0-1

[Event "Early-Titled-Tuesday-Blitz-February-20-2024"]
[Site "Chess.com"]
[Date "2024.02.20"]
[Round "6"]
[White "ansko1999"]
[Black "Lucky_Puncher"]
[Result "1-0"]
[WhiteElo "2698"]
[BlackElo "2512"]
[TimeControl "180+1"]
[EndTime "9:04:58 PST"]
[Termination "ansko1999 won by resignation"]

1. Nf3 Nf6 2. e3 g6 3. b3 Bg7 4. Bb2 O-O 5. Be2 d6 6. d4 Nbd7 7. c4 Re8 8. d5 e5 9. dxe6 fxe6 10. O-O e5 11. Nc3 Nc5 12. b4 Nce4 13. Nxe4 Nxe4 14. Qd5+ Be6 15. Qxe4 c6 16. Qc2 a5 17. a3 Qb6 18. c5 dxc5 19. bxc5 Qc7 20. Ng5 Kh8 21.
Nxe6 Rxe6 22. Bc4 Re7 23. Qe4 Rf8 24. Rad1 1-0

[Event "Early-Titled-Tuesday-Blitz-February-20-2024"]
[Site "Chess.com"]
[Date "2024.02.20"]
[Round "6"]
[White "romulocardoso"]
[Black "Cuchulin"]
[Result "1-0"]
[WhiteElo "2346"]
[BlackElo "2056"]
[TimeControl "180+1"]
[EndTime "9:05:06 PST"]
[Termination "romulocardoso won by resignation"]

1. e4 c5 2. Nf3 Nc6 3. d4 cxd4 4.
Nxd4 g6 5. Nc3 Bg7 6. Be3 Nf6 7. Bc4 O-O 8. Bb3 Re8 9. f3 e6 10. Qd2 d5 11. O-O-O dxe4 12. fxe4 Ng4 13. Nxc6 Qxd2+ 14. Bxd2 bxc6 15. Be1 Ba6 16. h3 Ne3 17. Rd2 Nc4 18. Bxc4 Bxc4 19. Rd7 Bxc3 20. Bxc3 a5 21. Rhd1 a4 22.
a3 Bb5 23. Bf6 Rac8 24. Rb7 Rb8 25. Rc7 Rbc8 26. Rcd7 h5 27. g4 hxg4 28. hxg4 g5 29. Rh1 1-0

[Event "Early-Titled-Tuesday-Blitz-February-20-2024"]
[Site "Chess.com"]
[Date "2024.02.20"]
[Round "6"]
[White "mertfelin"]
[Black "azikom"]
[Result "0-1"]
[WhiteElo "2341"]
[BlackElo "2658"]
[TimeControl "180+1"]
[EndTime "9:05:07 PST"]
[Termination "azikom won by resignation"]

1. e4 c5 2. Nf3 e6 3. b3 Nc6 4. Bb2 a6 5. c4 d5 6. exd5 exd5 7. cxd5 Qxd5 8. Bc4 Qe4+ 9. Qe2 Qxe2+ 10. Bxe2 Nf6 11. Nc3 Be7 12. O-O O-O 13. Rfe1 Bf5 14. h3 Rad8 15.
Rab1 Bxb1 16. Nxb1 Rfe8 17. Bc4 Bf8 18. Rd1 Ne4 19.
Nc3 Nxc3 20. Bxc3 b5 21. Bf1 g6 22. a4 b4 23. Bb2 Na5 24. Bf6 Rd6 25. Be5 Rd5 26.
Bc7 Nxb3 27. Bxa6 Nd4 28. Ng5 Rxg5 0-1

[Event "Early-Titled-Tuesday-Blitz-February-20-2024"]
[Site "Chess.com"]
[Date "2024.02.20"]
[Round "6"]
[White "Predo63"]
[Black "ploxoi"]
[Result "1-0"]
[WhiteElo "2541"]
[BlackElo "2442"]
[TimeControl "180+1"]
[EndTime "9:05:11 PST"]
[Termination "Predo63 won by resignation"]

1. d4 e6 2. Bf4 c5 3. c3 Qb6 4.
Qb3 cxd4 5. Qxb6 axb6 6. Bxb8 Rxb8 7. cxd4 Nf6 8. Nc3 d5 9. a3 Bd7 10. e3 Bd6 11. Bd3 Ke7 12. Nge2 Rhc8 13. Kd2 h6 14. f4 Ra8 15. Rac1 Ra5 16. h3 b5 17. Na2 Kd8 18.
Rxc8+ Kxc8 19. Nb4 Bc6 20. Nc3 Kd7 21. g4 Ne8 22. h4 Nc7 23. g5 h5 24. g6 f6 25.
Be2 Na6 26. Nxa6 bxa6 27. Bxh5 b4 28. axb4 Bxb4 29. Be2 Ra2 30. Kc2 Ra5 31. h5 Bxc3 32. Kxc3 1-0

[Event "Early-Titled-Tuesday-Blitz-February-20-2024"]
[Site "Chess.com"]
[Date "2024.02.20"]
[Round "6"]
[White "ACollins05"]
[Black "Hudijegszid"]
[Result "1-0"]
[WhiteElo "2571"]
[BlackElo "2349"]
[TimeControl "180+1"]
[EndTime "9:05:37 PST"]
[Termination "ACollins05 won by resignation"]

1. d4 d5 2. c4 e6 3. Nf3 a6 4. g3 dxc4 5. Bg2 c5 6. O-O Nc6 7.
dxc5 Qxd1 8. Rxd1 Bxc5 9. Nbd2 Nge7 10. Nxc4 b5 11. Nd6+ Bxd6 12. Rxd6 Bb7 13. Nd4 Rd8 14. Rxd8+ Kxd8 15. Be3 Kc7 16. Rc1 Rd8 17. Bf4+ Kb6 18. Nb3 Nd5 19. Bd2 Ne5 20. Ba5+ 1-0

[Event "Early-Titled-Tuesday-Blitz-February-20-2024"]
[Site "Chess.com"]
[Date "2024.02.20"]
[Round "6"]
[White "InitiatingASC"]
[Black "rhungaski"]
[Result "0-1"]
[WhiteElo "2396"]
[BlackElo "2577"]
[TimeControl "180+1"]
[EndTime "9:05:47 PST"]
[Termination "rhungaski won by resignation"]

1. d4 g6 2. Nf3 Bg7 3. g3 d6 4. Bg2 Nf6 5. O-O O-O 6. c4 Nc6 7. b3 e5 8. Bb2 e4 9. Ne1 Re8 10. e3 h5 11. h3 Bf5 12. Nd2 Qd7 13. a3 Bxh3 14. b4 Bxg2 15. Nxg2 d5 16. cxd5 Nxd5 17. Re1 Re6 18. Qc2 Rae8 19. Rac1 g5 20. b5 Nd8 21. a4 h4 22. gxh4 gxh4 23. Nxh4 Rh6 24. Ng2 Qh3 0-1

[Event "Early-Titled-Tuesday-Blitz-February-20-2024"]
[Site "Chess.com"]
[Date "2024.02.20"]
[Round "6"]
[White "Mikhail_Golubev"]
[Black "Rozhkov_V"]
[Result "1-0"]
[WhiteElo "2645"]
[BlackElo "2423"]
[TimeControl "180+1"]
[EndTime "9:05:47 PST"]
[Termination "Mikhail_Golubev won by resignation"]

1. e4 e6 2. d4 d5 3. Nc3 Bb4 4. e5 c5 5. a3 Bxc3+ 6. bxc3 Ne7 7. a4 Qa5 8. Bd2 Nbc6 9. Nf3 Bd7 10. Bb5 a6 11.
Be2 f6 12. exf6 gxf6 13. O-O c4 14. Qc1 Nf5 15. Rb1 O-O-O 16. Qb2 Nd6 17. Bf4 Be8 18.
Bxd6 Rxd6 19. Qxb7+ Kd8 20. Qg7 Qc7 21. Qxf6+ Qe7 22.
Qxh8 1-0

[Event "Early-Titled-Tuesday-Blitz-February-20-2024"]
[Site "Chess.com"]
[Date "2024.02.20"]
[Round "6"]
[White "Shield12"]
[Black "LevonAronian"]
[Result "1-0"]
[WhiteElo "2984"]
[BlackElo "3077"]
[TimeControl "180+1"]
[EndTime "9:06:00 PST"]
[Termination "Shield12 won by resignation"]

1. e4 c5 2. Nf3 e6 3. d4 cxd4 4. Nxd4 Nc6 5. Nc3 Qc7 6. Be3 a6 7. a3 Nf6 8. f4 d6 9. Qf3 Be7 10. O-O-O Nxd4 11. Bxd4 e5 12. fxe5 dxe5 13. Qg3 Bd6 14.
Qxg7 Rg8 15. Qxf6 exd4 16. Nd5 Qc6 17. Qxd4 Be6 18. Nf6+ Ke7 19. e5 Bc5 20. Nxg8+ Rxg8 21. Qh4+ Kf8 22. Rd8+ 1-0

[Event "Early-Titled-Tuesday-Blitz-February-20-2024"]
[Site "Chess.com"]
[Date "2024.02.20"]
[Round "6"]
[White "KononenkoD"]
[Black "mestrefeitosa19"]
[Result "1-0"]
[WhiteElo "2515"]
[BlackElo "2247"]
[TimeControl "180+1"]
[EndTime "9:06:04 PST"]
[Termination "KononenkoD won by resignation"]

1. e4 e5 2. Nf3 Nc6 3. d4 exd4 4.
Nxd4 Bc5 5. Nxc6 Qf6 6. Qf3 Qxf3 7. gxf3 bxc6 8. Nd2 Nf6 9. Nb3 Bb6 10. a4 a5 11. c4 d6 12. c5 dxc5 13. Be3 c4 14. Bxc4 Bxe3 15. fxe3 O-O 16. Nd4 Bb7 17. Kf2 Nd7 18.
Rhg1 Ne5 19. Be2 Ba6 20. f4 Nd3+ 21. Kf3 Nxb2 22. Ra2 Nd3 23. Bxd3 Bxd3 24. Nxc6 Rfe8 25. e5 f5 26. Nd4 Be4+ 27. Kf2 c5 28. Nb5 Red8 29.
Nd6 Bd3 30. Rc1 Rab8 31. Rxc5 Rb1 32. Rd2 Be4 33. Nxe4 1-0

[Event "Early-Titled-Tuesday-Blitz-February-20-2024"]
[Site "Chess.com"]
[Date "2024.02.20"]
[Round "6"]
[White "Herman-NY"]
[Black "Ati1517"]
[Result "1-0"]
[WhiteElo "2544"]
[BlackElo "2231"]
[TimeControl "180+1"]
[EndTime "9:06:06 PST"]
[Termination "Herman-NY won by checkmate"]

1. e4 c5 2. Nf3 d6 3. d4 cxd4 4. Nxd4 Nf6 5. Nc3 a6 6. Bc4 e6 7. a3 Be7 8. Ba2 O-O 9. Be3 b5 10. f3 Bb7 11. Qd2 Nc6 12. g4 Na5 13. g5 Nd7 14. h4 Ne5 15. O-O-O Nac4 16. Qe1 Nxe3 17. Qxe3 Rc8 18. Kb1 Nc4 19. Bxc4 Rxc4 20. Rhg1 d5 21. e5 Bc5 22. Nce2 Qb6 23. h5 b4 24. a4 b3 25.
cxb3 Rb4 26. g6 a5 27. gxh7+ Kxh7 28. Rxg7+ Kxg7 29. Qg5+ Kh7 30. Rg1 Rxd4 31. Qg7# 1-0

[Event "Early-Titled-Tuesday-Blitz-February-20-2024"]
[Site "Chess.com"]
[Date "2024.02.20"]
[Round "6"]
[White "Rawnsdale"]
[Black "HelvertHernandez"]
[Result "1-0"]
[WhiteElo "2531"]
[BlackElo "1978"]
[TimeControl "180+1"]
[EndTime "9:06:09 PST"]
[Termination "Rawnsdale won by resignation"]

1. e4 c5 2. Nf3 Nc6 3. d4 cxd4 4. Nxd4 Nf6 5. Nc3 e5 6. Ndb5 d6 7. Nd5 Nxd5 8. exd5 Ne7 9. c4 Ng6 10. c5 a6 11.
Nxd6+ Bxd6 12. cxd6 Qxd6 13. Be2 O-O 14. O-O Rd8 15. Bc4 b5 16. Bb3 Bb7 17. Bg5 f6 18. Be3 Bxd5 19. Rc1 Bxb3 20. Qxb3+ Qd5 21. Qb4 Rac8 22.
h3 Nf8 23. a4 Rc4 24. Rxc4 Qxc4 25. Qa5 Rd3 26. Qxa6 Qxa4 27. Qc6 Qc4 28. Qe8 b4 29.
Ra1 Qf7 30. Qb5 Rb3 31. Ra7 Qg6 32. Qd5+ 1-0

[Event "Early-Titled-Tuesday-Blitz-February-20-2024"]
[Site "Chess.com"]
[Date "2024.02.20"]
[Round "6"]
[White "deribas12345"]
[Black "dealshark"]
[Result "1-0"]
[WhiteElo "2618"]
[BlackElo "2411"]
[TimeControl "180+1"]
[EndTime "9:06:15 PST"]
[Termination "deribas12345 won by checkmate"]

1. d4 Nf6 2. c4 e6 3. Nc3 Bb4 4. a3 Bxc3+ 5. bxc3 b6 6. f3 d5 7. e3 O-O 8. cxd5 exd5 9. Bd3 Ba6 10. Bxa6 Nxa6 11.
Ne2 c5 12. O-O Re8 13. g4 Nc7 14. Ra2 Re7 15. Ng3 cxd4 16. exd4 Nb5 17. Qd3 Nd6 18.
Bg5 Re6 19. Nh5 Qe7 20. Bxf6 gxf6 21. Rg2 Re3 22. Qd2 Nc4 23. Qf2 Kf8 24. Qh4 Re6 25. Nf4 Ne3 26. Qxh7 Nxf1 27. Qh8# 1-0

[Event "Early-Titled-Tuesday-Blitz-February-20-2024"]
[Site "Chess.com"]
[Date "2024.02.20"]
[Round "6"]
[White "CristianS27"]
[Black "HanSchut"]
[Result "1-0"]
[WhiteElo "2556"]
[BlackElo "2289"]
[TimeControl "180+1"]
[EndTime "9:06:19 PST"]
[Termination "CristianS27 won by checkmate"]

1. e4 c5 2. Nf3 d6 3. d4 cxd4 4. Nxd4 Nf6 5. Nc3 a6 6. Be3 e5 7. Nf3 Qc7 8. a4 Be7 9. a5 Be6 10. Ng5 Bc4 11. Bb6 Qc8 12. Bxc4 Qxc4 13. Ra4 Qc6 14.
Qd3 Nbd7 15. Rc4 Nc5 16. Bxc5 dxc5 17. Nd5 h6 18. Nf3 Nxd5 19. exd5 Qd6 20. O-O O-O 21. Re1 f6 22. Nh4 Rfd8 23. Qg6 Qxd5 24. Nf5 Qe6 25. Qxg7# 1-0

[Event "Early-Titled-Tuesday-Blitz-February-20-2024"]
[Site "Chess.com"]
[Date "2024.02.20"]
[Round "6"]
[White "MasterKroket"]
[Black "waspofborneo"]
[Result "1-0"]
[WhiteElo "2514"]
[BlackElo "2241"]
[TimeControl "180+1"]
[EndTime "9:06:19 PST"]
[Termination "MasterKroket won by resignation"]

1. e4 c5 2. Nf3 a6 3. Nc3 d6 4. a4 Nf6 5. d4 cxd4 6. Nxd4 e6 7. Be2 Be7 8. O-O O-O 9. Be3 Nbd7 10. f4 Nc5 11. Bf3 Rb8 12. Qe1 Bd7 13. Qg3 Bc6 14.
Nxc6 bxc6 15. e5 Nd5 16. Nxd5 cxd5 17. b3 g6 18. Bd4 Ne4 19. Qe1 Nc5 20. f5 exf5 21.
Bxd5 Qc7 22. Rxf5 gxf5 23. Qg3+ Kh8 24. exd6+ f6 25. dxc7 Rbc8 26. Re1 1-0

[Event "Early-Titled-Tuesday-Blitz-February-20-2024"]
[Site "Chess.com"]
[Date "2024.02.20"]
[Round "6"]
[White "blitzking1729"]
[Black "nj123456"]
[Result "1-0"]
[WhiteElo "2709"]
[BlackElo "2435"]
[TimeControl "180+1"]
[EndTime "9:06:27 PST"]
[Termination "blitzking1729 won by resignation"]

1. Nf3 Nf6 2. e3 d5 3. c4 e6 4. Nc3 Be7 5. b3 O-O 6. Bb2 c5 7. cxd5 Nxd5 8. Nxd5 Qxd5 9. Bc4 Qd8 10. O-O Nc6 11. Rc1 b6 12. d4 Bb7 13. d5 exd5 14.
Bxd5 Bf6 15. Rc2 Bxb2 16. Rxb2 Qf6 17. Rd2 Rad8 18. e4 Ba6 19. Re1 Nb4 20. e5 Qh6 21.
Bxf7+ Kxf7 22. Rxd8 Nd3 23. Rxd3 Bxd3 24. Qxd3 Ke7 25. e6 Rd8 26. Qa6 Qf4 27. Qxa7+ Ke8 28. e7 Rc8 29. Qb7 Qc7 30. Qd5 1-0

[Event "Early-Titled-Tuesday-Blitz-February-20-2024"]
[Site "Chess.com"]
[Date "2024.02.20"]
[Round "6"]
[White "Cubitas"]
[Black "ExchangeAB"]
[Result "0-1"]
[WhiteElo "2633"]
[BlackElo "2447"]
[TimeControl "180+1"]
[EndTime "9:06:29 PST"]
[Termination "ExchangeAB won by resignation"]

1. e4 c6 2. d4 d5 3. Nd2 dxe4 4. Nxe4 Nf6 5. Nxf6+ exf6 6. Bc4 Bd6 7. Qe2+ Be7 8. Be3 O-O 9. O-O-O Na6 10. h4 Nc7 11. h5 h6 12. Nh3 Be6 13. Nf4 Bxc4 14. Qxc4 Bd6 15. g4 Bxf4 16. Bxf4 Nd5 17. Bd2 Qd7 18. Qd3 Rfe8 19. Rhg1 Qd6 20. f4 Nxf4 21. Bxf4 Qxf4+ 22. Kb1 Qe4 23. Qb3 b5 24. Qc3 Qd5 25. a3 Re4 26. Rg3 Rae8 27. Qa5 Rxd4 28. Rxd4 Qxd4 29. Rd3 Qg1+ 30. Ka2 Qxg4 31. Qxa7 Qc4+ 32. Rb3 Qxc2 33.
Qd7 Re1 34. Rd3 Qc4+ 0-1

[Event "Early-Titled-Tuesday-Blitz-February-20-2024"]
[Site "Chess.com"]
[Date "2024.02.20"]
[Round "6"]
[White "Colombiano07"]
[Black "ShazilTheGOAT2006"]
[Result "1-0"]
[WhiteElo "2455"]
[BlackElo "2618"]
[TimeControl "180+1"]
[EndTime "9:06:30 PST"]
[Termination "Colombiano07 won by resignation"]

1. e4 g6 2. d4 Bg7 3. c3 d6 4. Be3 Nc6 5. Nd2 e5 6. Bb5 exd4 7. cxd4 a6 8. Bxc6+ bxc6 9. Rc1 Ne7 10. Ngf3 O-O 11. O-O a5 12. Nc4 f5 13. e5 Nd5 14.
Bg5 Qd7 15. Re1 h6 16. Bd2 Ba6 17. Ne3 Nf4 18. Qc2 Nd3 19. Qxc6 Qxc6 20. Rxc6 Nxe1 21. Bxe1 Bb7 22. Rxc7 Bxf3 23. gxf3 dxe5 24. d5 Rfc8 25. d6 Bf8 26. Nc4 Rd8 27. d7 Bb4 28. Bxb4 axb4 29.
Nxe5 Rxa2 30. Rc8 Ra8 31. Rxa8 Rxa8 32. Nc6 Kf7 33. d8=Q Rxd8 34. Nxd8+ Kf6 35. Nc6 b3 36. Na5 Ke5 37. Nxb3 Kd5 38. Nc1 Kc4 39. Kf1 1-0

[Event "Early-Titled-Tuesday-Blitz-February-20-2024"]
[Site "Chess.com"]
[Date "2024.02.20"]
[Round "6"]
[White "DuleMudule"]
[Black "ilya2700"]
[Result "1-0"]
[WhiteElo "2854"]
[BlackElo "2376"]
[TimeControl "180+1"]
[EndTime "9:06:32 PST"]
[Termination "DuleMudule won by resignation"]

1. d4 Nf6 2. Bg5 d5 3. e3 g6 4. Nd2 Bg7 5. Bd3 O-O 6. f4 Nbd7 7. Ngf3 b6 8. Ne5 Bb7 9. Qf3 c5 10. O-O Rc8 11. c3 Re8 12. f5 cxd4 13. exd4 Qc7 14. Rae1 Nf8 15. fxg6 Nxg6 16. h4 h6 17. Bxf6 Bxf6 18.
Nxg6 fxg6 19. Bxg6 Rf8 20. Qg4 Kh8 21. Bf5 Rcd8 22. Qg6 e5 23. Qxh6+ Kg8 24. Be6+ Rf7 25. Rxf6 exd4 1-0

[Event "Early-Titled-Tuesday-Blitz-February-20-2024"]
[Site "Chess.com"]
[Date "2024.02.20"]
[Round "6"]
[White "PavelChernomordik"]
[Black "SirGerhard"]
[Result "0-1"]
[WhiteElo "2439"]
[BlackElo "2736"]
[TimeControl "180+1"]
[EndTime "9:06:34 PST"]
[Termination "SirGerhard won by resignation"]

1. e4 c5 2. Nc3 Nc6 3. Bb5 Nd4 4. Bc4 Nf6 5. Nge2 e6 6. O-O a6 7. d3 b5 8. Bb3 Nxb3 9. axb3 Bb7 10. Ng3 d5 11.
Qe2 dxe4 12. dxe4 Be7 13. Rd1 Qc7 14. Bg5 h6 15. Be3 O-O 16. f3 Rfd8 17. Qf2 Rxd1+ 18. Rxd1 c4 19. bxc4 Qxc4 20. Bd4 Rc8 21. b3 Qc7 22.
Qe3 e5 23. Nf5 exd4 24. Nxe7+ Qxe7 25. Qxd4 Qc5 26. Ne2 Qxc2 27. Rd2 Qxb3 28. g4 Qxf3 0-1